 Dungeon Crawl Stone Soup version 0.27.1-2-g3b301248ec (webtiles) character file.

Game seed: 13534133434761896404

70 Eitelfritz the Poker (level 4, -5/34 HPs)
             Began as a Merfolk Gladiator on Oct 1, 2021.
             Splashed by a jelly's acid (6 damage)
             ... on level 2 of the Dungeon.
             The game lasted 00:04:20 (2033 turns).

Eitelfritz the Poker (Merfolk Gladiator)            Turns: 2033, Time: 00:04:20

Health: -5/34      AC: -7    Str: 14    XL:     4   Next: 21%
Magic:  4/4        EV: 14    Int:  8    God:
Gold:   106        SH:  0    Dex: 15    Spells: 3/3 levels left

rFire    . . .     SeeInvis .   a - +0 trident
rCold    . . .     Faith    .   (no shield)
rNeg     . . .     Spirit   .   b - +0 leather armour
rPois    .         Reflect  .   c - +0 helmet
rElec    .         Harm     .   (no cloak)
rCorr    .         Rampage  .   (no gloves)
Will     .....                  (no boots)
Stlth    +.........             (no amulet)
HPRegen  0.11/turn              (no ring)
MPRegen  0.09/turn              (no ring)

@: corroded
A: (nimble swimmer 2), mertail
a: no special abilities


You were on level 2 of the Dungeon.
You visited 1 branch of the dungeon, and saw 2 of its levels.

You collected 106 gold pieces.

Inventory:

Hand Weapons
 a - a +0 trident (weapon)
Missiles
 d - 3 throwing nets (quivered)
Armour
 b - a +0 leather armour (worn)
 c - a +0 helmet (worn)
 f - a +0 ring mail
Jewellery
 o - a ring of willpower
Scrolls
 e - a scroll of fear {unknown}
 g - a scroll of enchant weapon {unknown}
 k - a scroll of teleportation {unknown}
 l - a scroll of identify {unknown}
 m - a scroll of torment {unknown}
Potions
 h - a potion of haste {unknown}
 i - a potion of degeneration {unknown}
 j - a potion of curing {unknown}
 n - a potion of lignification {unknown}


   Skills:
 + Level 2.6 Fighting
 + Level 5.4 Polearms
 + Level 2.0 Throwing
 + Level 0.6 Armour
 + Level 5.2 Dodging
 + Level 0.1 Stealth


You had 3 spell levels left.
You didn't know any spells.
Your spell library was empty.

Dungeon Overview and Level Annotations

Branches:
Dungeon (2/15)

Altars:


Innate Abilities, Weirdness & Mutations

((You are quick and stealthy near water. (Stealth+, EV+, Speed+++)))
Your lower body shifts to a powerful aquatic tail in water.


Message History

You open the door.
An endoplasm comes into view.
Found a bat skeleton. 7 endoplasms and a jelly come into view.
Found a goblin skeleton, a rat skeleton and a scroll labelled PARUES DAZUOGI.
The endoplasm quivers.
There is an open door here.
The helpless endoplasm fails to defend itself.
You hit the endoplasm.
The endoplasm is heavily wounded.
The endoplasm quivers.
The endoplasm jiggles.
The endoplasm freezes you.
You are frozen.
You see here a +0 short sword.
You hit the jelly. The acid corrodes you!
Your hands burn!
The jelly is lightly wounded.
The jelly barely misses you.
You hit the jelly.
Your hands burn!
The jelly is lightly wounded.
The jelly misses you.
You hit the jelly but do no damage.
Your hands burn!
The jelly is lightly wounded.
The jelly hits you.
You are splashed with acid!
You hit the jelly. The acid corrodes you!
Your hands burn!
The jelly is heavily wounded.
The jelly closely misses you.
You hit the jelly but do no damage. The acid corrodes you!
Your hands burn!
* * * LOW HITPOINT WARNING * * *
The jelly is heavily wounded.
The jelly hits you.
* * * LOW HITPOINT WARNING * * *
You are splashed with acid.
* * * LOW HITPOINT WARNING * * *
The endoplasm jiggles.
There is an open door here.
The jelly jiggles.
The jelly hits you.
* * * LOW HITPOINT WARNING * * *
You are splashed with acid.
You die...

....# ###....###
....# ##........#
...>#####.)###'''##
..[...)...####...##
....###.#####.....##
....# #..>##.......#
.#### #...##.......#
.# #...##.......# .#
#...##....@..# .#
#..######J...# ÷#
#..###.J'J...# .#
#..##J######## .#
##.J)JJ.## .#
#######'# .#
÷....J..÷# .#
..J.÷.JP.# .#
J...J....#


You could see a jelly and 2 endoplasms.

Vanquished Creatures
  A gnoll (D:1)
  An adder (D:2)
  A dart slug (D:1)
  2 endoplasms (D:2)
  3 giant cockroaches
  2 goblins
  6 hobgoblins
  3 jackals (D:1)
  7 kobolds (D:2)
  4 quokkas
  3 ball pythons
  3 bats
  5 frilled lizards
  4 rats
45 creatures vanquished.

Vanquished Creatures (others)
  2 fungi (D:1)
  11 toadstools (D:2)
13 creatures vanquished.

Grand Total: 58 creatures vanquished

Notes
Turn   | Place    | Note
-------+----------+-------------------------------------------
     0 | D:1      | Eitelfritz the Merfolk Gladiator began the quest for the
                  | Orb.
     0 | D:1      | Reached XP level 1. HP: 16/16 MP: 1/1
   394 | D:1      | Reached XP level 2. HP: 22/22 MP: 2/2
   413 | D:1      | Found a faded altar of an unknown god.
   498 | D:1      | Reached skill level 5 in Dodging
   630 | D:1      | Reached XP level 3. HP: 28/28 MP: 3/3
  1385 | D:2      | Reached skill level 5 in Polearms
  1506 | D:2      | Reached XP level 4. HP: 19/34 MP: 4/4
  2033 | D:2      | HP: 1/34 [jelly (2)]
  2033 | D:2      | Splashed by a jelly's acid

Illustrated notes

Levels and vault maps discovered:
D:1:      sevenhm_arrival_forest_fort_large_1, layout_loops_ring,
          shapermc_ecumenical_altar_ellora
D:2:      cheibrodos_fertilizer, layout_rooms, basic_altar,
          minmay_strange_pillars

Skill      XL: |  1  2  3 |
---------------+----------+-----
Dodging        | 5 |  5.2
Polearms       | 5 |  5.4
Fighting       | |  2.6
Throwing       | |  2.0
Armour         | |  0.6
Stealth        | |  0.1

Action                   |  1- 3 |  4- 6 || total
-------------------------+-------+-------++-------
Melee: Trident           |    97 |    38 ||   135
 Stab: Sleeping          |     1 |     1 ||     2
Armor: Leather armour    |    16 |     9 ||    25
Dodge: Dodged            |    40 |    14 ||    54
